 Dungeon Crawl Stone Soup version 0.29-a0-323-g050149af67 (webtiles) character file.

Game seed: 4989652860841822317

19996 spaghetti the Fighter (level 12, -1/112 HPs)
             Began as a Demigod Brigand on Apr 10, 2022.
             Slain by a death knight
             ... wielding a +3 great sword
              (32 damage)
             ... on level 14 of the Dungeon.
             The game lasted 00:26:54 (16155 turns).

spaghetti the Fighter (Demigod Brigand)            Turns: 16155, Time: 00:26:55

Health: -1/112     AC: 15    Str: 12    XL:     12   Next: 13%
Magic:  10/15      EV: 28    Int: 13    God:
Gold:   141        SH:  5    Dex: 36    Spells: 11/11 levels left

rFire   + . .      SeeInvis .   w - +5 rapier (speed) {short}
rCold   . . .      Faith    .   (no shield)
rNeg    . . .      Spirit   .   E - +1 steam dragon scales
rPois   .          Reflect  +   k - +0 helmet
rElec   .          Harm     .   s - +0 cloak
rCorr   .          Rampage  .   o - +1 pair of gloves {Dex+3}
Will    .....                   J - +2 pair of boots {Fly}
Stlth   ++++......              A - amulet of reflection
HPRegen 0.28/turn               h - ring of protection from fire
MPRegen 0.14/turn               p - +4 ring of evasion

@: weak-willed, flying
A: high MP 1, forlorn, divine attributes, iridescent scales 1, agile 1,
MP-powered wands
a: no special abilities


You were on level 14 of the Dungeon.
You visited 1 branch of the dungeon, and saw 14 of its levels.

You collected 726 gold pieces.
You spent 585 gold pieces at shops.


Innate Abilities, Weirdness & Mutations

You have an increased reservoir of magic. (+10% MP)
You shall have no god before yourself.
Your divine heritage dramatically boosts your attributes as you level up.
You are partially covered in iridescent scales. (AC +2)
You are agile. (Dex +2)
You expend magic power (3 MP) to strengthen your wands.


   Skills:
 + Level 12.0 Fighting
 + Level 9.7 Short Blades
 - Level 8.0 Throwing
 + Level 9.0 Dodging
 - Level 3.6 Stealth


You had 11 spell levels left.
You didn't know any spells.
Your spell library contained the following spells:

 Spells                   Type           Power      Damage    Failure   Level
 Sandblast                Erth           0%         2d4       30%         1
 Summon Small Mammal      Summ           0%         N/A       30%         1
 Passwall                 Tmut/Erth      0%         N/A       43%         2
 Call Canine Familiar     Summ           0%         N/A       67%         3
 Ignite Poison            Fire/Tmut/Pois 0%         N/A       67%         3
 Mephitic Cloud           Conj/Pois/Air  0%         N/A       67%         3
 Stone Arrow              Conj/Erth      0%         3d7       67%         3
 Summon Guardian Golem    Hex/Summ       0%         N/A       67%         3
 Animate Dead             Necr           0%         N/A       97%         4
 Freezing Cloud           Conj/Ice/Air   0%         6-21      100%        5
 Haunt                    Necr/Summ      0%         N/A       100%        7
 Infestation              Necr           0%         N/A       100%        8

Inventory:

Hand Weapons
 a - a +2 dagger of protection {short}
 b - the +5 spear "Xiggeah" {vorpal, Str+4, polearm}
   (You found it on level 8 of the Dungeon)

   It inflicts extra damage upon your enemies.
   Str:       It affects your strength (+4).
 m - a +2 short sword of venom {short}
   (You found it on level 1 of the Dungeon)
 w - a +5 rapier of speed (weapon) {short}
   (You found it on level 5 of the Dungeon)
 z - the +7 staff of the Meek {protect, meekguard, staff}
   (You found it on level 7 of the Dungeon)

   It grants its wielder temporary protection when it strikes (+7 to AC).
   It provides extra protection to wielders with little health.
Missiles
 d - 21 poisoned darts {throwing}
 e - 2 curare-tipped darts {=fthrowing}
 j - 212 stones (quivered) {throwing}
 x - 4 javelins {throwing}
 D - a boomerang {throwing}
 H - a throwing net {=f!fthrowing}
Armour
 k - a +0 helmet (worn)
   (You found it on level 1 of the Dungeon)
 o - a +1 pair of gloves of dexterity (worn)
   (You bought it in a shop on level 9 of the Dungeon)
 s - a +0 cloak (worn)
   (You bought it in a shop on level 2 of the Dungeon)
 E - +1 steam dragon scales (worn)
   (You took it off Maggie on level 8 of the Dungeon)
 J - a +2 pair of boots of flying (worn)
   (You bought it in a shop on level 9 of the Dungeon)
Jewellery
 c - an amulet of magic regeneration {@e2}
   (You found it on level 7 of the Dungeon)
 h - a ring of protection from fire (left hand)
   (You found it on level 1 of the Dungeon)
 p - a +4 ring of evasion (right hand)
   (You found it on level 4 of the Dungeon)
 A - an amulet of reflection (around neck)
   (You found it on level 6 of the Dungeon)
 I - a ring of wizardry
   (You found it on level 9 of the Dungeon)
Wands
 B - a wand of charming (15)
   (You found it on level 6 of the Dungeon)
 C - a wand of iceblast (10)
   (You found it on level 6 of the Dungeon)
 F - a wand of acid (9)
   (You found it on level 8 of the Dungeon)
 P - a wand of polymorph (3)
   (You took it off an orc warrior on level 11 of the Dungeon)
 Q - a wand of flame (9)
   (You found it on level 13 of the Dungeon)
Scrolls
 f - 6 scrolls of vulnerability {!r!r}
 g - 3 scrolls of fear
 i - 6 scrolls of teleportation {@r4}
 l - a scroll of immolation {!r!r}
 n - 2 scrolls of brand weapon
 u - 3 scrolls of enchant armour
 v - a scroll of holy word
 y - 5 scrolls of magic mapping {!r}
 O - a scroll of blinking {!r}
 R - a scroll of identify {@r1}
Potions
 q - 3 potions of flight
 r - 2 potions of attraction {!q}
 t - 3 potions of curing {@q1}
 G - a potion of resistance
 K - a potion of brilliance
 L - 2 potions of lignification {!q}
 M - a potion of heal wounds {@q2}
 N - 2 potions of mutation {!q}

Dungeon Overview and Level Annotations

Branches:
Dungeon (14/15)            Temple (0/1) D:4             Orc (0/2) D:11
 Vaults (0/5) D:14
   Lair: D:8-11

Shops:
D:2 [   D:9 [

Annotations:
D:4 Menkaure
D:7 3 runed translucent doors, Hubris850's ghost, novice TeHu
D:8 1 runed translucent door
D:10 exclusion: 11 electric eels
D:12 exclusions: electric eel and 1 more exclusion
D:13 exclusion: ice statue
D:14 exclusion: door

##### #...#
.#.#.#@#^#########
......p...........######
#.##+##.#########.......
#.. ######## +(# #.. #(#
.(. #.


You could see a death knight.


Message History

The phantasmal warrior barely misses you.
The phantasmal warrior attacks as you move away!
The phantasmal warrior closely misses you.
The phantasmal warrior gestures at you.
The phantasmal warrior blinks!
The phantasmal warrior gestures at you.
The phantasmal warrior blinks!
You barely miss the phantasmal warrior.
Unknown command.
You hit the phantasmal warrior. The phantasmal warrior hits you!!
The phantasmal warrior gestures at you.
The phantasmal warrior blinks! 😮 HP[-24]
You take 24 damage, and now have 75/112 hp.
MASSIVE DAMAGE!! (PAUSE)
You impale the phantasmal warrior!!
You closely miss the phantasmal warrior.
The phantasmal warrior misses you. 😮 HP[+1]
You hit the phantasmal warrior. You impale the phantasmal warrior!!
You destroy the phantasmal warrior!
The phantasmal warrior hits you but does no damage.
The phantasmal warrior attacks as you move away!
The phantasmal warrior barely misses you.
You hit the phantasmal warrior but do no damage.
You hit the phantasmal warrior but do no damage.
The death knight offers itself to Yredelemnul, and fills with unholy energy.
The phantasmal warrior hits you but does no damage.
You hit the phantasmal warrior. 😮 HP[+1]
You hit the phantasmal warrior.
The freezing wraith enters a dispersal trap!
The death knight blinks!
The phantasmal warrior blinks!
You blink.
The freezing wraith blinks!
Unknown command.
Unknown command.
Aiming: Corrosive Bolt
Press: ? - help, Shift-Dir - straight line, f - freezing wraith
Aim: a freezing wraith (71% to hit)
You feel a surge of power!
The bolt of acid hits the freezing wraith!
The acid corrodes the freezing wraith! 😮 MP[-3]
You lost 3 mp, and now have 12/15 mp.
Aiming: Corrosive Bolt
Press: ? - help, Shift-Dir - straight line, f/p - freezing wraith
Aim: a freezing wraith (moderately damaged, covered in acid, 71% to hit)
You feel a surge of power!
The bolt of acid hits the freezing wraith! 😮 MP[-3]
You lost 3 mp, and now have 9/15 mp.
You hit the phantasmal warrior. You hit the phantasmal warrior.
The phantasmal warrior hits you!! 😮 HP[-17]
You take 17 damage, and now have 60/112 hp.
You puncture the phantasmal warrior!
Unknown command.
You hit the phantasmal warrior but do no damage.
You puncture the phantasmal warrior!
You destroy the phantasmal warrior!
Your Dodging skill increases to level 9!
Throw: 6 javelins {throwing}
Press: ? - help, Shift-Dir - straight line, f/p - freezing wraith
Aim: a freezing wraith (severely damaged, covered in acid, 75% to hit)
You throw a javelin {throwing}.
The javelin {throwing} closely misses the freezing wraith.
Throw: 5 javelins {throwing}
Press: ? - help, Shift-Dir - straight line, f/p - freezing wraith
Aim: a freezing wraith (severely damaged, covered in acid, 75% to hit)
You throw a javelin {throwing}.
The javelin {throwing} closely misses the freezing wraith.
You block the freezing wraith's attack.
The freezing wraith barely misses you. 😮 HP[+1]
You hit the freezing wraith.
The freezing wraith completely misses you. x2 😮 MP[+1]
You barely miss the freezing wraith. You puncture the freezing wraith!
You destroy the freezing wraith!
Your Fighting skill increases to level 12!
The death knight hits you with a +3 great sword!!
* * * LOW HITPOINT WARNING * * *
😨 HP[-22]
You take 22 damage, and now have 39/112 hp.
Unknown command.
You puncture the death knight! You hit the death knight.
The death knight hits you with a +3 great sword!
* * * LOW HITPOINT WARNING * * *
😨 HP[-8]
You take 8 damage, and now have 31/112 hp.
You puncture the death knight!
You hit the death knight but do no damage.
The death knight misses you.
You hit the death knight but do no damage.
You puncture the death knight!
The death knight hits you with a +3 great sword!!
You die...

Skill      XL: |  1  2  3  4  5  6  7  8  9 10 11 12 |
---------------+-------------------------------------+-----
Fighting       | 2 3 4 5 6 7 8 9 10 11 12 | 12.0
Short Blades   | 3 5 6 7 9 |  9.7
Throwing       | 3 5 6 7 8 |  8.0
Dodging        | 1 3 5 6 8 9 |  9.0
Stealth        | |  3.6

Action                   |  1- 3 |  4- 6 |  7- 9 | 10-12 || total
-------------------------+-------+-------+-------+-------++-------
Melee: Dagger            |    36 |       |       |       ||    36
       Short sword       |    29 |    83 |    54 |       ||   166
       Punch             |       |     1 |     7 |     8 ||    16
       Rapier            |       |       |   357 |   501 ||   858
Throw: Dart              |    83 |       |     5 |     7 ||    95
       Stone             |    44 |    97 |   285 |   249 ||   675
       Javelin           |       |       |       |     2 ||     2
Evoke: Wand              |       |       |     1 |     6 ||     7
  Use: Potion            |     2 |     6 |     3 |     4 ||    15
       Scroll            |       |     5 |    12 |     1 ||    18
 Stab: Sleeping          |     2 |       |     1 |     2 ||     5
Armor: Robe              |    17 |    19 |       |       ||    36
       Steam dragon scal |       |     3 |    52 |    60 ||   115
       Skin              |       |       |       |    39 ||    39
Dodge: Dodged            |    30 |    61 |   230 |   231 ||   552
Block: Other             |       |       |    48 |    80 ||   128
       Reflection        |       |       |     4 |    14 ||    18

Levels and vault maps discovered:
D:1:      dpeg_arrival_three_bigger_balls, layout_basic,
          hangedman_decor_peaks_small
D:2:      layout_basic, serial_glass, glass_columns_c, glass_columns_b,
          ebering_ecumenical_altar_sacrificial, serial_shops, shop,
          kennysheep_generic_room_11
D:3:      layout_basic, marbit_many_paths, mainiacjoe_overflow_paths,
          lightli_corner_chamber
D:4:      layout_basic, minmay_temple_entry_statues_fountains, uniq_menkaure,
          uniq_eustachio
D:5:      layout_basic, gammafunk_temple_overflow_arena,
          mainiacjoe_overflow_alcove_2, serial_shops,
          nicolae_shop_competitors_out_of_business, grunt_ministairs_11,
          uniq_sigmund
D:6:      layout_loops_ring
D:7:      layout_basic, nemelex_spade_bored_becter, enter_bailey_3,
          gammafunk_ghost_split, minmay_misc_feat_columns, st_stairs_1,
          pf_guarded_unrand_meek, uniq_crazy_yiuf_cottage
D:8:      minmay_gate_of_8, layout_loops_ring,
          chequers_temple_overflow_minitemple, uniq_maurice, uniq_maggie
D:9:      layout_roguey, nicolae_qazlal_eye_of_the_storm, serial_shops,
          nicolae_shop_overgrown_old_shop
D:10:     layout_irregular_city, nicolae_ru_the_path_less_chosen,
          erik_lair_island, eino_curves_04, hangedman_decor_points,
          minmay_door_square, kennysheep_path_1
D:11:     layout_cave_pools, minmay_orc_entry_guard_dogs
D:12:     layout_basic, serial_curves, eino_curves_04, eino_curves_02,
          eino_curves_01, eino_curves_03
D:13:     layout_loops_ring, ice2_lemuel
D:14:     layout_roguey, david_vaults_2, minmay_misc_feat_doors

Notes
Turn   | Place    | Note
-------+----------+-------------------------------------------
     0 | D:1      | spaghetti the Demigod Brigand began the quest for the Orb.
     0 | D:1      | Reached XP level 1. HP: 17/17 MP: 3/3
     0 | D:1      | magus.rc [v1.9.6]
   145 | D:1      | Reached skill level 2 in Fighting
   270 | D:1      | Reached XP level 2. HP: 24/25 MP: 4/4
   516 | D:1      | Reached skill level 3 in Fighting
   741 | D:1      | Reached XP level 3. HP: 31/31 MP: 5/5
   797 | D:1      | You add the spells Ignite Poison, Mephitic Cloud and
                  | Freezing Cloud to your library.
  1453 | D:2      | Found Niuh Cir's Armour Emporium.
  1462 | D:2      | Bought a +0 cloak for 45 gold pieces
  2065 | D:3      | You pick up a book of Geomancy and begin reading...
  2065 | D:3      | You add the spells Sandblast, Passwall and Stone Arrow to
                  | your library.
  2278 | D:3      | Reached skill level 4 in Fighting
  2333 | D:3      | Reached XP level 4. HP: 40/40 MP: 6/6
  2749 | D:4      | Noticed a necrophage
  2760 | D:4      | Killed a necrophage
  2925 | D:4      | Reached skill level 5 in Fighting
  3008 | D:4      | Noticed Eustachio
  3010 | D:4      | Reached XP level 5. HP: 44/48 MP: 7/7
  3024 | D:4      | Killed Eustachio
  3025 | D:4      | Reached skill level 6 in Fighting
  3025 | D:4      | Reached XP level 6. HP: 20/57 MP: 8/8
  3230 | D:4      | Found a staircase to the Ecumenical Temple.
  3372 | D:4      | Noticed a steam dragon
  3387 | D:4      | Killed a steam dragon
  3629 | D:4      | Reached skill level 7 in Fighting
  3695 | D:4      | Noticed Menkaure
  3751 | D:5      | Entered Level 5 of the Dungeon
  4128 | D:5      | Reached XP level 7. HP: 65/66 MP: 9/9
  4163 | D:5      | Noticed Sigmund
  4187 | D:5      | Killed Sigmund
  4188 | D:5      | Reached skill level 2 in Short Blades
  4188 | D:5      | Reached skill level 2 in Throwing
  4637 | D:6      | Reached skill level 3 in Short Blades
  4637 | D:6      | Reached skill level 3 in Throwing
  5123 | D:6      | Reached skill level 8 in Fighting
  5123 | D:6      | Reached skill level 1 in Dodging
  5123 | D:6      | Reached XP level 8. HP: 53/72 MP: 10/10
  5803 | D:6      | Reached skill level 4 in Short Blades
  5803 | D:6      | Reached skill level 4 in Throwing
  5803 | D:6      | Reached skill level 2 in Dodging
  6086 | D:7      | Found a runed translucent gate.
  6086 | D:7      | Found a runed translucent gate.
  6088 | D:7      | Found a runed translucent gate.
  6089 | D:7      | Noticed Hubris850's ghost (novice TeHu)
  6092 | D:7      | Noticed a gargoyle
  6222 | D:7      | Found a flagged portal.
  6512 | D:6      | Reached skill level 3 in Dodging
  7211 | D:7      | Found a runed translucent door.
  7212 | D:7      | Noticed Crazy Yiuf
  7396 | D:7      | Found the +7 staff of the Meek {protect, meekguard}
  7638 | D:7      | Killed Crazy Yiuf
  7765 | D:8      | Noticed Maggie
  7778 | D:8      | Killed Maggie
  7779 | D:8      | Reached skill level 5 in Short Blades
  7779 | D:8      | Reached skill level 5 in Throwing
  7779 | D:8      | Reached XP level 9. HP: 32/82 MP: 11/11
  8081 | D:8      | Gained mutation: You are partially covered in iridescent
                  | scales. (AC +2) [potion of mutation]
  8081 | D:8      | Gained mutation: You expend magic power (3 MP) to
                  | strengthen your wands. [potion of mutation]
  8081 | D:8      | Gained mutation: You are agile. (Dex +2) [potion of
                  | mutation]
  8086 | D:8      | Identified the +5 spear "Xiggeah" {vorpal, Str+4}
  8262 | D:8      | Noticed Maurice
  8283 | D:8      | Reached skill level 4 in Dodging
  8289 | D:8      | You pick up a book of Death and begin reading...
  8289 | D:8      | You add the spells Animate Dead, Haunt and Infestation to
                  | your library.
  8303 | D:8      | Killed Maurice
  8304 | D:8      | Reached skill level 9 in Fighting
  8914 | D:8      | Noticed a death knight
  8914 | D:8      | Noticed a deep elf pyromancer
  8914 | D:8      | Noticed a tengu warrior
  8915 | D:8      | Found a runed translucent door.
  8917 | D:8      | Noticed an orc knight
  8917 | D:8      | Noticed a manticore
  8917 | D:8      | Noticed a cyan ugly thing
  8917 | D:8      | Noticed a cyclops
  9047 | D:8      | Noticed a sea snake
  9507 | D:9      | Reached skill level 6 in Short Blades
  9574 | D:9      | Reached skill level 6 in Throwing
  9576 | D:9      | Found Xiasm's Antique Armour Emporium.
  9724 | D:9      | Reached skill level 5 in Dodging
  9895 | D:9      | Bought a pair of embroidered boots for 270 gold pieces
 10074 | D:9      | Noticed a cyclops
 10095 | D:9      | Killed a cyclops
 10096 | D:9      | Reached XP level 10. HP: 91/91 MP: 13/13
 10407 | D:10     | Entered Level 10 of the Dungeon
 10596 | D:10     | HP: 22/93 [electric eel/bolt of electricity (10)]
 10910 | D:11     | Noticed a manticore
 11417 | D:10     | Reached skill level 10 in Fighting
 11452 | D:10     | Reached skill level 7 in Short Blades
 11452 | D:10     | Reached skill level 7 in Throwing
 11452 | D:10     | Reached skill level 6 in Dodging
 12229 | D:11     | Killed a manticore
 12347 | D:9      | Bought a pair of glowing gloves for 270 gold pieces
 12543 | D:11     | Noticed a manticore
 12574 | D:11     | Killed a manticore
 12754 | D:11     | Found a staircase to the Orcish Mines.
 13408 | D:12     | Reached XP level 11. HP: 101/101 MP: 14/14
 13830 | D:13     | Noticed a six-headed hydra
 13845 | D:13     | Killed a six-headed hydra
 13846 | D:13     | Reached skill level 7 in Dodging
 13950 | D:13     | Noticed a four-headed hydra
 13958 | D:13     | Killed a four-headed hydra
 13959 | D:13     | Reached skill level 8 in Short Blades
 13959 | D:13     | Reached skill level 8 in Throwing
 14275 | D:13     | Noticed a centaur warrior
 14276 | D:13     | Noticed a deep elf pyromancer
 14297 | D:13     | HP: 34/151 [centaur warrior (10)]
 14298 | D:13     | Killed a centaur warrior
 14304 | D:13     | Killed a deep elf pyromancer
 14305 | D:13     | Reached skill level 11 in Fighting
 14306 | D:13     | HP: 28/153 [centaur/arrow[a centaur warrior] (9)]
 14343 | D:13     | HP: 15/102 [troll (10)]
 14694 | D:13     | Noticed a boulder beetle
 14729 | D:13     | Killed a boulder beetle
 14730 | D:13     | Reached skill level 8 in Dodging
 15044 | D:13     | Reached skill level 9 in Short Blades
 15250 | D:13     | Noticed a centaur warrior
 15259 | D:13     | Killed a centaur warrior
 15302 | D:13     | You pick up a book of Callings and begin reading...
 15302 | D:13     | You add the spells Summon Small Mammal, Call Canine
                  | Familiar and Summon Guardian Golem to your library.
 15613 | D:14     | Noticed a fire crab
 15614 | D:14     | Noticed a sea snake
 15615 | D:14     | Noticed a steelbarb worm
 15615 | D:14     | a sea snake changed into a steelbarb worm
 15619 | D:14     | a steelbarb worm changed into an elephant
 15622 | D:14     | Noticed a lindwurm
 15622 | D:14     | an elephant changed into a lindwurm
 15664 | D:14     | Noticed a fire crab
 15838 | D:14     | Found a gate to the Vaults.
 15846 | D:14     | Noticed a wizard
 15875 | D:14     | Killed a wizard
 15876 | D:14     | Reached XP level 12. HP: 112/112 MP: 15/15
 16113 | D:14     | Noticed a death knight
 16144 | D:14     | Reached skill level 9 in Dodging
 16149 | D:14     | Reached skill level 12 in Fighting
 16155 | D:14     | Slain by a death knight

Vanquished Creatures
  2 hydras (D:13)
  A boulder beetle (D:13)
  2 centaur warriors (D:13)
  2 phantasmal warriors (D:14)
  A wizard (D:14)
  2 cyclopes
  A deep elf pyromancer (D:13)
  A salamander (shapeshifter) (D:14)
  A manticore (shapeshifter) (D:14)
  2 manticores (D:11)
  Maurice (D:8)
  A cane toad (shapeshifter) (D:14)
  Maggie (D:8)
  2 gargoyles
  An unseen horror (D:13)
  3 kobold demonologists (D:13)
  2 freezing wraiths
  2 efreet (D:13)
  3 trolls
  A polar bear (shapeshifter) (D:14)
  A polar bear (D:13)
  5 slime creatures (D:12)
  Sigmund (D:5)
  A wyvern (D:9)
  2 wraiths (D:10)
  4 yaks (D:10)
  Eustachio (D:4)
  A steam dragon (D:4)
  3 wargs (D:11)
  5 vampire mosquitoes
  2 acid dragons (D:11)
  6 orc warriors
  A sky beast (D:6)
  2 black bears
  11 ice beasts
  An ogre (D:6)
  5 centaurs
  A kobold brigand (D:13)
  3 bullfrogs
  A necrophage (D:4)
  13 wights
  13 killer bees
  5 howler monkeys
  6 hounds
  2 jellies (D:7)
  Crazy Yiuf (D:7)
  4 orc priests
  3 gnoll shamans
  8 orc wizards
  2 iguanas
  6 adders
  8 gnolls
  5 white imps
  A worm (D:2)
  2 dart slugs (D:1)
  38 orcs
  5 ball pythons
  7 endoplasms
  2 giant cockroaches
  16 goblins
  7 hobgoblins
  A quokka (D:1)
  10 bats
  2 frilled lizards
  12 kobolds
  4 rats
272 creatures vanquished.

Vanquished Creatures (collateral kills)
  A hound (D:10)
1 creature vanquished.

Vanquished Creatures (others)
  A kobold brigand (D:11)
  2 kobolds
  2 plants (D:9)
5 creatures vanquished.

Grand Total: 278 creatures vanquished

Table legend:
 A = Non-vault XP
 B = Vault XP
 C = Vault XP percentage of total XP
 D = Non-vault monster count
 E = Vault monster count
 F = Vault count percentage of total count
                 A         B        C        D         E       F
            +---------+---------+-------+---------+---------+-------
      Total |   22502 |    6065 |  21.2 |     226 |      48 |  17.5
            +---------+---------+-------+---------+---------+-------
        D:1 |      50 |       0 |   0.0 |      27 |       0 |   0.0
        D:2 |      14 |       0 |   0.0 |       7 |       0 |   0.0
        D:3 |      63 |       1 |   1.6 |      20 |       1 |   4.8
        D:4 |     437 |     196 |  31.0 |      19 |       1 |   5.0
        D:5 |     197 |     239 |  54.8 |       6 |       1 |  14.3
        D:6 |     984 |     136 |  12.1 |      20 |       1 |   4.8
        D:7 |     590 |     415 |  41.3 |      17 |      16 |  48.5
        D:8 |     894 |     790 |  46.9 |      16 |       2 |  11.1
        D:9 |    2107 |       0 |   0.0 |      31 |       0 |   0.0
       D:10 |    2038 |     522 |  20.4 |      10 |       6 |  37.5
       D:11 |    2086 |     486 |  18.9 |      18 |       3 |  14.3
       D:12 |    1769 |       0 |   0.0 |       6 |       0 |   0.0
       D:13 |    8153 |    1844 |  18.4 |      23 |      14 |  37.8
       D:14 |    3120 |    1436 |  31.5 |       6 |       3 |  33.3
            +---------+---------+-------+---------+---------+-------

Illustrated notes

Table legend:
 A = Kills in this place as a percentage of kills in entire the game.
 B = Kills by you in this place as a percentage of kills by you in the entire game.
 C = Kills by friends in this place as a percentage of kills by friends in the entire game.
 D = Other kills in this place as a percentage of other kills in the entire game.
 E = Experience gained in this place as a percentage of experience gained in the entire game.
 F = Experience gained in this place divided by the number of levels of this place that you have seen.
                   A       B       C       D       E      F
               +-------+-------+-------+-------+-------+----------------------
         Total | 100.0 | 100.0 | 100.0 | 100.0 | 100.0 | 2040.5
       Dungeon | 100.0 | 100.0 | 100.0 | 100.0 | 100.0 | 2040.5
               +-------+-------+-------+-------+-------+----------------------

Table legend: (Time is in decaauts)
 A = Elapsed time spent in this place.
 B = Non-inter-level travel time spent in this place.
 C = Inter-level travel time spent in this place.
 D = Time resting spent in this place.
 E = Time spent auto-exploring this place.
 F = Levels seen in this place.
 G = Mean time per level.
                   A        B        C        D        E       F      G
               +--------+--------+--------+--------+--------+-----+--------+
         Total |  15709 |  15228 |    481 |   5008 |   7869 |  14 | 1122.1 |
       Dungeon |  15709 |  15228 |    481 |   5008 |   7869 |  14 | 1122.1 |
               +--------+--------+--------+--------+--------+-----+--------+

Top non-repeatable levels by time:
     D:6: 1971 daAuts
    D:10: 1763 daAuts
     D:8: 1646 daAuts
    D:13: 1642 daAuts
     D:7: 1410 daAuts
     D:3: 1084 daAuts
     D:9: 1046 daAuts
     D:1: 1031 daAuts
     D:4: 947 daAuts
    D:11: 939 daAuts
     D:2: 703 daAuts
     D:5: 540 daAuts
    D:14: 516 daAuts
    D:12: 464 daAuts
